 Dungeon Crawl Stone Soup version 0.29-a0-1065-g47a6bb87d6 (webtiles) character file.

Game seed: 3038773835103193507

842 themarg the Cleaver (level 7, -7/63 HPs)
             Began as a Minotaur Berserker on Aug 18, 2022.
             Was a Priest of Trog.
             Killed from afar by an orc wizard (8 damage)
             ... with a magic dart
             ... on level 5 of the Dungeon.
             The game lasted 00:10:47 (3877 turns).

themarg the Cleaver (Minotaur Berserker)            Turns: 3877, Time: 00:10:47

Health: -7/63      AC:  0    Str: 24    XL:     7   Next: 67%
Magic:  6/6        EV: 12    Int:  4    God:    Trog [***...]
Gold:   239        SH:  0    Dex:  9    Spells: 6/6 levels left

rFire   . . .      SeeInvis .   a - +0 hand axe
rCold   . . .      Faith    .   (no shield)
rNeg    . . .      Spirit   .   i - +3 leather armour
rPois   .          Reflect  .   (helmet restricted)
rElec   .          Harm     .   (no cloak)
rCorr   .          Rampage  .   n - +0 pair of gloves
Will    .....                   (no boots)
Stlth   +.........              (no amulet)
HPRegen 0.20/turn               (no ring)
MPRegen 0.10/turn               (no ring)

@: confused, corroded
A: horns 2, retaliatory headbutt
a: Renounce Religion, Berserk, Trog's Hand


You were on level 5 of the Dungeon.
You worshipped Trog.
Trog was most pleased with you.
You visited 1 branch of the dungeon, and saw 5 of its levels.

You collected 239 gold pieces.

Inventory:

Hand Weapons
 a - a +0 hand axe (weapon)
 r - the +10 dagger of Fefi {vamp, rC+ rCorr Str+4}
   (You found it on level 4 of the Dungeon)

   It occasionally heals its wielder for a portion of the damage dealt when it
   wounds a living foe.
   Str:       It affects your strength (+4).
   rC:        It protects you from cold.
   rCorr:     It protects you from acid and corrosion.
Missiles
 p - 9 poisoned darts (quivered)
Armour
 i - a +3 leather armour (worn)
 n - a +0 pair of gloves (worn)
Jewellery
 b - an amulet of the acrobat
 t - a ring of resist corrosion
Wands
 j - a wand of mindburst (12)
 s - a wand of light (7)
Scrolls
 c - 3 scrolls of identify {unknown}
 g - a scroll of amnesia {unknown}
 h - a scroll of silence {unknown}
 l - 2 scrolls of fog {unknown}
Potions
 d - 2 potions of brilliance {unknown}
 e - 2 potions of resistance {unknown}
 f - 6 potions of curing {unknown}
 k - 3 potions of heal wounds {unknown}
 m - a potion of mutation {unknown}
 o - 2 potions of lignification {unknown}
 q - a potion of attraction {unknown}


   Skills:
 + Level 6.0 Fighting
 + Level 8.0 Axes
 + Level 4.0 Armour
 + Level 4.5 Dodging
 + Level 1.4 Stealth


You had 6 spell levels left.
You didn't know any spells.
Your spell library was empty.

Dungeon Overview and Level Annotations

Branches:
Dungeon (5/15)
 Temple: D:4-7

Altars:

Annotations:
D:5 Edmund


Innate Abilities, Weirdness & Mutations

You have a pair of horns on your head.
You reflexively headbutt those who attack you in melee.


Message History

The orc wizard is lightly wounded.
You hit the orc. You hit something.
Edmund shouts!
Something hits you. The orc hits you with a +0 club.
You barely miss the orc wizard. You headbutt the orc wizard.
The orc wizard is moderately wounded.
You hit the orc but do no damage. You miss something. Something hits you.
The orc hits you with a +0 club.
You slash the orc wizard!
The orc wizard is severely wounded.
You hit the orc but do no damage. You miss something.
You hear some strange, mumbled words.
You are confused.
The orc barely misses you.
The orc throws a stone.
The stone hits you.
The orc wizard hits you with a +0 dagger.
You are too confused!
You closely miss the orc wizard. You headbutt the orc wizard.
The orc wizard is almost dead.
You miss the orc. You miss something. Something hits you.
* * * LOW HITPOINT WARNING * * *
The orc throws a stone.
The stone misses you. The orc misses you.
The orc wizard hits you with a +0 dagger.
* * * LOW HITPOINT WARNING * * *
The orc attacks as you move away! The orc completely misses you.
The orc wizard attacks as you move away!
The orc wizard closely misses you.
The orc throws a stone.
The stone hits you.
* * * LOW HITPOINT WARNING * * *
The orc throws a stone.
The stone hits you.
* * * LOW HITPOINT WARNING * * *
You're too confused to move!
The orc wizard hits you with a +0 dagger.
* * * LOW HITPOINT WARNING * * *
You completely miss something. Your headbutt misses something.
You miss the orc wizard. Something hits you.
* * * LOW HITPOINT WARNING * * *
You're too confused to move!
You hear some strange, mumbled words.
A magic dart appears from out of thin air!
The magic dart hits you!
You die...

..... .... #....# ....
#....# ..... #....#
....< #....# ......
##...##.....$
#...o........ #..@o{.#
#...@#.# ##...#.#
#...#.# ## #...#.## ..
## ##'##..## #.
...####'###..# #.
...'.........#### #.
...#.........'..######
#.
#.........##......###.


You could see Edmund, an orc wizard and an orc.

Vanquished Creatures
  Duvessa (D:4)
  A black bear (D:5)
  A phantom (D:4)
  Blork the orc (D:4)
  A bullfrog (D:4)
  Dowan (D:4)
  A howler monkey (D:4)
  A hound (D:3)
  A jelly (D:5)
  Natasha (thrice) (D:4)
  2 iguanas (D:4)
  3 adders
  4 gnolls (D:4)
  3 worms
  3 dart slugs
  2 orcs
  8 ball pythons
  2 bats
  7 endoplasms
  5 giant cockroaches
  5 goblins
  7 hobgoblins
  5 jackals
  14 kobolds
  4 frilled lizards
  3 rats
89 creatures vanquished.

Vanquished Creatures (others)
  12 plants (D:4)
12 creatures vanquished.

Grand Total: 101 creatures vanquished

Notes
Turn   | Place    | Note
-------+----------+-------------------------------------------
     0 | D:1      | themarg the Minotaur Berserker began the quest for the Orb.
     0 | D:1      | Reached XP level 1. HP: 19/19 MP: 0/0
   143 | D:1      | Reached skill level 4 in Axes
   143 | D:1      | Reached XP level 2. HP: 27/27 MP: 1/1
   680 | D:1      | Reached ** piety under Trog
   683 | D:1      | Reached XP level 3. HP: 33/33 MP: 2/2
  1439 | D:2      | Reached XP level 4. HP: 41/41 MP: 3/3
  1896 | D:3      | Reached skill level 5 in Axes
  2244 | D:4      | Reached XP level 5. HP: 35/47 MP: 4/4
  2327 | D:4      | Noticed Dowan
  2331 | D:4      | Noticed Duvessa
  2341 | D:4      | Killed Duvessa
  2342 | D:4      | Reached skill level 5 in Fighting
  2342 | D:4      | Reached skill level 6 in Axes
  2345 | D:4      | Killed Dowan
  2346 | D:4      | Reached XP level 6. HP: 31/56 MP: 5/5
  2552 | D:4      | Noticed Blork the orc
  2563 | D:4      | Killed Blork the orc
  2566 | D:4      | Reached *** piety under Trog
  2567 | D:4      | Reached skill level 7 in Axes
  2701 | D:4      | Reached skill level 1 in Stealth
  2707 | D:4      | Reached XP level 7. HP: 46/61 MP: 6/6
  3040 | D:4      | Noticed Natasha
  3048 | D:4      | Killed Natasha
  3205 | D:4      | Noticed Natasha
  3211 | D:4      | Killed Natasha
  3299 | D:4      | Identified the +10 dagger of Fefi {vamp, rC+ rCorr Str+4}
  3322 | D:4      | Noticed Natasha
  3335 | D:4      | Killed Natasha
  3767 | D:5      | Entered Level 5 of the Dungeon
  3867 | D:5      | Reached skill level 8 in Axes
  3867 | D:5      | Noticed Edmund
  3876 | D:5      | HP: 1/63 [something (3)]
  3877 | D:5      | Killed from afar by an orc wizard

Illustrated notes

Levels and vault maps discovered:
D:1:      minmay_arrival_jagged, layout_loops_ring, serial_glass,
          glass_columns_a, glass_columns_a, minmay_strange_pillars,
          due_unseen_surprise, item_on_display_a
D:2:      layout_basic, kennysheep_generic_room_8
D:3:      layout_rooms
D:4:      layout_loops_ring, serial_forest, infiniplex_forest_straight_2,
          infiniplex_forest_lined_3, infiniplex_forest_clump_large,
          infiniplex_forest_straight_4, infiniplex_forest_clump_diagonal,
          infiniplex_forest_clump_small, infiniplex_forest_lined_ring,
          uniq_duvessa, uniq_blork_the_orc, uniq_natasha
D:5:      layout_basic, uniq_eustachio, uniq_edmund

Skill      XL: |  1  2  3  4  5  6  7 |
---------------+----------------------+-----
Axes           | 4 5 6 7 8 |  8.0
Fighting       | 4 5 6 |  6.0
Dodging        | 3 4 |  4.5
Armour         | 3 4 |  4.0
Stealth        | 1 |  1.4

Action                   |  1- 3 |  4- 6 |  7- 9 || total
-------------------------+-------+-------+-------++-------
Melee: Hand axe          |    91 |    76 |    74 ||   241
       Headbutt          |    10 |    12 |    19 ||    41
       Punch             |       |     2 |     3 ||     5
Invok: Berserk           |     1 |     2 |     1 ||     4
 Stab: Sleeping          |       |       |     1 ||     1
Armor: Animal skin       |    16 |       |       ||    16
       Leather armour    |     7 |    22 |    22 ||    51
Dodge: Dodged            |    42 |    29 |    48 ||   119

Table legend: (Time is in decaauts)
 A = Elapsed time spent in this place.
 B = Non-inter-level travel time spent in this place.
 C = Inter-level travel time spent in this place.
 D = Time resting spent in this place.
 E = Time spent auto-exploring this place.
 F = Levels seen in this place.
 G = Mean time per level.
                   A        B        C        D        E       F      G
               +--------+--------+--------+--------+--------+-----+--------+
         Total |   3936 |   3893 |     43 |    750 |   2304 |   5 |  787.2 |
       Dungeon |   3936 |   3893 |     43 |    750 |   2304 |   5 |  787.2 |
               +--------+--------+--------+--------+--------+-----+--------+

Top non-repeatable levels by time:
     D:4: 1575 daAuts
     D:2: 1007 daAuts
     D:1: 793 daAuts
     D:3: 452 daAuts
     D:5: 107 daAuts
